 Dungeon Crawl Stone Soup version 0.31.0-12-g77e489cdc1 (webtiles) character file.

Game seed: 6796486535212568345

3346 GloorxVloq the Toxicologist (level 9, -4/71 HPs)
             Began as a Green Draconian Alchemist on Feb 19, 2024.
             Was a Follower of Hepliaklqana.
             Shot with an arrow by a centaur warrior (8 damage)
             ... on level 8 of the Dungeon.
             The game lasted 00:34:31 (7412 turns).

GloorxVloq the Toxicologist (DrAl)                  Turns: 7412, Time: 00:34:32

Health: -4/71      AC: 16    Str: 12    XL:     9   Next: 72%
Magic:  3/18       EV: 12    Int: 21    God:    Hepliaklqana [*.....]
Gold:   367        SH:  0    Dex: 17    Spells: 6/20 levels left

rFire   + + .        k - +0 dagger (protect)
rCold   . . .        (no shield)
rNeg    . . .        (body armour unavailable)
rPois   +            (helmet restricted)
rElec   .            (no cloak)
rCorr   .            v - +0 pair of gloves
SInv    .            b - +0 pair of boots
Will    .....        (no amulet)
Stlth   ++           g - ring "Qenugoi" {Str+2 Dex+6}
HPRegen 0.31/turn    C - ring of protection from fire
MPRegen 0.16/turn

%: no passive effects
@: frozen, under a protective aura, attractive, very slow
A: reduced essence, breathe noxious fumes, AC +7, unfitting armour, poison
resistance, cold-blooded, horns 1, talons 1, fire resistance 1
a: Breathe Noxious Fumes, Renounce Religion, Recall Ancestor, Ancestor Identity


You were on level 8 of the Dungeon.
You worshipped Hepliaklqana.
Hepliaklqana was aware of your devotion.
You visited 2 branches of the dungeon, and saw 9 of its levels.

You collected 367 gold pieces.

Inventory:

Hand Weapons
 c - a +0 short sword
 k - a +0 dagger of protection (weapon)
 A - a +3 short sword
Missiles
 h - 11 boomerangs
 o - 9 javelins
 z - a throwing net
Armour
 b - a +0 pair of boots (worn)
 v - a +0 pair of gloves (worn)
Jewellery
 g - the ring "Qenugoi" (left hand) {Str+2 Dex+6}
   (You found it on level 2 of the Dungeon)

   [ring of dexterity]

   Str+2:     It affects your strength (+2).
   Dex+6:     It affects your dexterity (+6).
 C - a ring of protection from fire (right hand)
 E - a +6 ring of dexterity
Talismans
 e - a granite talisman
Scrolls
 d - 2 scrolls of immolation
 f - 2 scrolls of poison {unknown}
 l - 4 scrolls of enchant weapon
 m - a scroll of butterflies {unknown}
 t - a scroll of blinking {unknown}
 w - a scroll of brand weapon {unknown}
 y - a scroll of acquirement {unknown}
Potions
 a - a potion of magic
 i - 4 potions of mutation
 j - 5 potions of curing
 n - a potion of brilliance {unknown}
 p - 2 potions of attraction
 q - a potion of enlightenment {unknown}
 r - a potion of berserk rage {unknown}
 s - a potion of haste {unknown}
 u - a potion of degeneration {unknown}
 B - a potion of resistance {unknown}
 D - a potion of heal wounds {unknown}


   Skills:
 + Level 7.0 Fighting
 - Level 1.7 Dodging
 - Level 1.7 Stealth
 - Level 6.0 Spellcasting
 - Level 3.1 Conjurations
 * Level 5.8 Fire Magic
 - Level 4.0 Air Magic
 + Level 9.0 Alchemy


You had 6 spell levels left.
You knew the following spells:

 Your Spells              Type           Power      Damage    Failure   Level
a - Sting                 Conj/Alch      100%       1d9       1%          1
b - Mercury Vapours       Alch/Air       66%        N/A       1%          2
c - Mephitic Cloud        Conj/Alch/Air  28%        N/A       3%          3
d - Olgreb's Toxic Radia  Alch           44%        N/A       2%          4
e - Sticky Flame          Fire/Alch      37%        2d8       4%          4

Your spell library contained the following spells:

 Spells                   Type           Power      Damage    Failure   Level
 Magic Dart               Conj           76%        1d6       2%          1
 Searing Ray              Conj           38%        2d5       4%          2
 Fulminant Prism          Conj/Alch      15%        3d10      8%          4
 Inner Flame              Hex/Fire       18%        N/A       9%          3
 Freeze                   Ice            24%        1d4       10%         1
 Hailstorm                Conj/Ice       12%        3d6       16%         3
 Irradiate                Conj/Alch      15%        3d16      22%         5
 Frozen Ramparts          Ice            12%        1d2       28%         3
 Summon Ice Beast         Ice/Summ       6%         N/A       28%         3
 Sculpt Simulacrum        Ice/Alch       12%        N/A       93%         6
 Ignition                 Fire           15%        3d6       100%        8


Dungeon Overview and Level Annotations

Branches:
Dungeon (8/15)             Temple (1/1) D:5            Lair (0/5) D:8

Altars:
Ashenzari
Cheibriados
Dithmenos
Fedhas
Gozag
Hepliaklqana
Makhleb
Nemelex Xobeh
Okawaru
Qazlal
Ru
Sif Muna
Trog
Uskayaw
Vehumet
Wu Jian
Xom
Yredelemnul
Zin
The Shining One

Shops:
D:3 =

Portals:
Abyss: D:6

Annotations:
D:6 2 transporters, nefhilion's ghost, novice OnWr


Innate Abilities, Weirdness & Mutations

Your life essence is reduced to manifest your ancestor. (-10% HP)
You can breathe blasts of noxious fumes.
Your lurid green scales are hard. (AC +7)
You cannot fit into any form of body armour.
Your system is resistant to poisons. (rPois)
You are cold-blooded and may be slowed by cold attacks.
You have a pair of small horns on your head.
You have sharp toenails.
Your flesh is heat resistant. (rF+)


Message History

The icy flash freeze hits you!!
You are encased in ice.
The wolf barely misses you.
Casting: Olgreb's Toxic Radiance (dangerous; 2% risk of failure)
Confirm with . or Enter, or press ? or * to list all spells.
You don't have enough magic to cast this spell.
You hit the rime drake but do no damage.
Your headbutt misses the rime drake.
The rime drake is heavily wounded.
The rime drake looks as sick as possible!
The wolf looks as sick as possible!
You kill the wolf!
Your toxic aura wanes.
The wolf bites you but does no damage.
A centaur warrior comes into view. It is wielding a +0 shortbow.
The rime drake misses you.
Your Fighting skill increases to level 7!
The centaur warrior shouts!
You hit the wolf but do no damage.
The wolf is severely wounded.
The ice encasing you melts away.
The wolf bites you but does no damage. x2; The rime drake bites you.
You hit the wolf but do no damage.
The wolf is almost dead.
You kill the wolf!
The centaur warrior shoots an arrow.
The arrow hits you. The rime drake closely misses you.
The centaur warrior shoots an arrow.
The arrow hits you.
Your Alchemy skill increases to level 9!
You hit the rime drake but do no damage.
The rime drake is almost dead.
The centaur warrior shoots an arrow.
The arrow hits you! The rime drake breathes ice at you.
The icy flash freeze hits you!!
* * * LOW HITPOINT WARNING * * *
You are encased in ice.
It was a potion of attraction.
You feel attractive to monsters.
The centaur warrior shoots an arrow.
The arrow hits you!
You die...

...........#
.......#
..#.........#
......... .
###.......###
#.........#
##........## #....
#.......#.##.....
#....#~........#
###>~..........##
#.#............#
..~.......@#.....#
..~.......k††.....#
......#.#...#.....#
#.......#.........
...##....# ..... ..
#..... ..... ..>c.
.... ...... .~..


You could see a centaur warrior and a rime drake (extremely poisoned).

Vanquished Creatures
  A water moccasin (D:7)
  4 ice beasts
  A black bear (D:7)
  2 sky beasts (D:7)
  A centaur (D:6)
  2 ogres
  4 wolves (D:8)
  A phantom (D:4)
  6 scorpions
  3 bullfrogs
  4 wights
  A jelly (D:6)
  3 bombardier beetles
  2 hounds
  A gnoll bouda (D:6)
  An orc priest (D:3)
  8 iguanas
  A sleepcap (D:6)
  9 orc wizards
  Robin (D:2)
  5 gnolls (D:6)
  2 adders
  A shadow imp (D:7)
  2 dart slugs
  5 ribbon worms
  24 orcs
  6 endoplasms
  A giant cockroach (D:3)
  16 goblins
  4 hobgoblins
  2 quokkas
  4 ball pythons
  4 bats
  2 frilled lizards
  4 kobolds
  5 rats
  A spectral kobold (D:1)
144 creatures vanquished.

Vanquished Creatures (collateral kills)
  A steam dragon (D:7)
  An ice beast (D:8)
  A bullfrog (D:7)
  An orc (D:7)
4 creatures vanquished.

Vanquished Creatures (others)
  An ancestor (D:8)
1 creature vanquished.

Grand Total: 149 creatures vanquished

Notes
Turn   | Place    | Note
-------+----------+-------------------------------------------
     0 | D:1      | GloorxVloq the Draconian Alchemist began the quest for the
                  | Orb.
     0 | D:1      | Reached XP level 1. HP: 14/14 MP: 3/3
   180 | D:1      | Found a faded altar of an unknown god.
   277 | D:1      | Reached XP level 2. HP: 22/22 MP: 1/5
   280 | D:1      | Learned a level 2 spell: Mercury Vapours
   485 | D:1      | Reached skill level 1 in Fighting
   677 | D:2      | Found a radiant altar of Vehumet.
   884 | D:2      | Reached XP level 3. HP: 28/28 MP: 2/6
   888 | D:2      | Learned a level 3 spell: Mephitic Cloud
   940 | D:2      | Identified the ring "Qenugoi" {Str+2 Dex+6}
  1393 | D:3      | Found Omuv's Jewellery Shoppe.
  1393 | D:3      | Noticed Robin
  1648 | D:2      | Killed Robin
  1649 | D:2      | Reached skill level 1 in Air Magic
  1776 | D:3      | Reached XP level 4. HP: 36/36 MP: 5/7
  1909 | D:3      | Reached skill level 4 in Alchemy
  2001 | D:3      | Reached XP level 5. HP: 21/42 MP: 3/8
  2277 | D:3      | Gained mutation: You have a pair of small horns on your
                  | head. [potion of mutation]
  2277 | D:3      | Gained mutation: You have sharp toenails. [potion of
                  | mutation]
  2277 | D:3      | Gained mutation: Your flesh is heat resistant. (rF+)
                  | [potion of mutation]
  2329 | D:3      | Noticed an ogre
  2376 | D:3      | Killed an ogre
  2377 | D:3      | Reached XP level 6. HP: 51/51 MP: 1/9
  3321 | D:4      | Reached skill level 5 in Alchemy
  3321 | D:4      | Your scales start taking on a lurid green colour.
  3321 | D:4      | Reached skill level 6 in Alchemy
  3321 | D:4      | Reached XP level 7. HP: 47/59 MP: 6/10
  3321 | D:4      | Gained mutation: Your system is resistant to poisons.
                  | (rPois) [Green Draconian growth]
  3374 | D:4      | Found a radiant altar of Vehumet.
  3482 | D:5      | Entered Level 5 of the Dungeon
  3620 | D:5      | Learned a level 4 spell: Olgreb's Toxic Radiance
  3747 | D:5      | Found a stormy altar of Qazlal.
  3750 | D:5      | Noticed a water elemental
  3750 | D:5      | Noticed an air elemental
  3751 | D:5      | Noticed a fire elemental
  3774 | D:5      | Reached skill level 7 in Alchemy
  4396 | D:5      | Reached XP level 8. HP: 58/66 MP: 7/12
  4490 | D:5      | Reached skill level 8 in Alchemy
  4654 | D:5      | Found a staircase to the Ecumenical Temple.
  4662 | Temple   | Entered the Ecumenical Temple
  4669 | Temple   | Became a worshipper of Hepliaklqana the Forgotten
  4893 | D:6      | Learned a level 4 spell: Sticky Flame
  5065 | D:6      | Reached skill level 1 in Fire Magic
  5463 | D:6      | Reached skill level 5 in Spellcasting
  5466 | D:6      | Reached skill level 5 in Fighting
  5572 | D:6      | Found a one-way gate to the infinite horrors of the Abyss.
  5572 | D:6      | Noticed nefhilion's ghost (novice OnWr)
  5573 | D:6      | Noticed a red ugly thing
  5607 | D:6      | Found a transporter.
  5611 | D:6      | Found a transporter.
  6118 | D:7      | Reached XP level 9. HP: 68/74 MP: 8/17
  6204 | D:7      | Reached * piety under Hepliaklqana
  6400 | D:7      | Identified the +2 robe of Virtue {rF+ Will+ rCorr}
  7398 | D:8      | Reached skill level 5 in Fire Magic
  7401 | D:8      | Found a staircase to the Lair.
  7401 | D:8      | Noticed a rime drake
  7408 | D:8      | Noticed a centaur warrior
  7411 | D:8      | Reached skill level 9 in Alchemy
  7412 | D:8      | Shot with an arrow by a centaur warrior

Illustrated notes

Levels and vault maps discovered:
D:1:      onia_arrival_mini_spirals, layout_rooms,
          dreamdust_ecumenical_altar_drowned_temple
D:2:      layout_loops_ring, basic_altar
D:3:      layout_rooms, serial_shops, shop, minmay_misc_feat_more_columns,
          minmay_stone_trees_large, minmay_misc_feat_iff, uniq_robin
D:4:      layout_basic, fiery_altar_vehumet
D:5:      layout_basic, nicolae_qazlal_style_of_elements,
          minmay_temple_entry_statues_pillars
D:6:      layout_gridville, gammafunk_ghost_abyssal_escape
D:7:      wad_crossroads, layout_cave_pods
D:8:      layout_cave_pools, hellmonk_lair_entry_icy
Temple:   nicolae_temple_no_exploring_needed

Skill      XL: |  1  2  3  4  5  6  7  8  9 |
---------------+----------------------------+-----
Fighting       | 1 2 3 4 5 7 |  7.0
Conjurations   | 2 3 |  3.1
Air Magic      | 1 2 3 4 |  4.0
Alchemy        | 4 6 7 8 9 |  9.0
Spellcasting   | 3 5 6 |  6.0
Fire Magic     | 3 5 |  5.8
Dodging        | |  1.7
Stealth        | |  1.7

Action                     |  1- 3 |  4- 6 |  7- 9 || total
---------------------------+-------+-------+-------++-------
  Melee: Short sword       |    52 |       |       ||    52
         Tailslap          |     8 |    15 |    27 ||    50
         Punch             |     2 |       |     4 ||     6
         Dagger            |     6 |    85 |   191 ||   282
         Headbutt          |       |     9 |    47 ||    56
   Cast: Sting             |    69 |    60 |    44 ||   173
         Mephitic Cloud    |       |     2 |     6 ||     8
         Olgreb's Toxic Ra |       |       |    27 ||    27
         Sticky Flame      |       |       |    12 ||    12
    Use: Scroll            |       |     2 |     2 ||     4
         Potion            |       |     1 |     1 ||     2
   Stab: Confused          |       |       |     4 ||     4
         Sleeping          |       |       |     1 ||     1
 Armour: Skin              |    73 |    83 |   169 ||   325
  Dodge: Dodged            |    56 |    61 |   105 ||   222
